SAA
ATLANTIC CITY SONICS @ LITTLE CAESARS HOT N READYS
09/04/2029
 
TOP OF THE 1ST
Atlantic City Sonics batting - Pitching for Little Caesars Hot N Readys : RHP Pat Hunt
Pitching: RHP Pat Hunt
Batting: LHB Ramón Garmendia 0-0: Foul Ball, location: 2F
0-1: SINGLE (Flyball, 9S)
Batting: LHB José Pacheco 0-0: Called Strike
0-1: Called Strike
0-2: Grounds into double play, 1-6-3 (Groundball, P)
Batting: RHB Eddie Sachs 0-0: Ball
1-0: Fly out, F6 (Flyball, 6D)
Top of the 1st over - 0 runs, 1 hit, 0 errors, 0 left on base; Atlantic City 0 - Little Caesars 0
BOTTOM OF THE 1ST
Little Caesars Hot N Readys batting - Pitching for Atlantic City Sonics : LHP José Cotilla
Pitching: LHP José Cotilla
Batting: LHB Elian Gonzalez 0-0: Foul Ball, location: 2F
0-1: Foul Ball, location: 2F
0-2: Strikes out looking
Batting: LHB Gilberto Moreno 0-0: Ball
1-0: Called Strike
1-1: Ground out 5-3 (Groundball, 56S)
Batting: LHB Pedro García 0-0: Called Strike
0-1: Ball
1-1: Swinging Strike
1-2: Foul Ball, location: 2F
1-2: SINGLE (Line Drive, 6M)
Batting: RHB Martín Alejadre 0-0: Ball
1-0: Foul Ball, location: 2F
1-1: Ball
2-1: Fly out, F8 (Flyball, 8RS)
Bottom of the 1st over - 0 runs, 1 hit, 0 errors, 1 left on base; Atlantic City 0 - Little Caesars 0
TOP OF THE 2ND
Atlantic City Sonics batting - Pitching for Little Caesars Hot N Readys : RHP Pat Hunt
Batting: LHB Kelvin Abbott 0-0: Ball
1-0: Ground out 4-3 (Groundball, 4)
Batting: RHB Karl Blanke 0-0: Ground out U3 (Groundball, 3)
Batting: RHB Jesús Guzmán 0-0: Ball
1-0: Ball
2-0: Foul Ball, location: 2F
2-1: Ball
3-1: Swinging Strike
3-2: Ground out U3 (Groundball, 34)
Top of the 2nd over - 0 runs, 0 hits, 0 errors, 0 left on base; Atlantic City 0 - Little Caesars 0
BOTTOM OF THE 2ND
Little Caesars Hot N Readys batting - Pitching for Atlantic City Sonics : LHP José Cotilla
Batting: LHB Josh Platt 0-0: Called Strike
0-1: Ball
1-1: Ball
2-1: Ball
3-1: Base on Balls
Batting: LHB Michael Cochran 0-0: Ball
1-0: Ball
2-0: Swinging Strike
2-1: Ball
3-1: Swinging Strike
3-2: Base on Balls
Josh Platt to second
Batting: SHB Tony Gutiérrez 0-0: Ball
1-0: Swinging Strike
1-1: Fly out, F4 (Line Drive, 4)
Batting: RHB Luis Aragón 0-0: Ball
1-0: Grounds into double play, 6-4-3 (Groundball, 6)
Bottom of the 2nd over - 0 runs, 0 hits, 0 errors, 1 left on base; Atlantic City 0 - Little Caesars 0
TOP OF THE 3RD
Atlantic City Sonics batting - Pitching for Little Caesars Hot N Readys : RHP Pat Hunt
Batting: RHB José Rodríguez 0-0: Swinging Strike
0-1: Ball
1-1: Ball
2-1: Ground out 6-3 (Groundball, 6)
Batting: RHB Alejandro Sánchez 0-0: Ball
1-0: SINGLE (Flyball, 9LS)
Batting: RHB Thurman Blumer 0-0: Ball
1-0: Called Strike
1-1: Ball
2-1: Ball
3-1: Foul Ball, location: 2F
3-2: Foul Ball, location: 2F
3-2: Strikes out swinging
Batting: LHB Ramón Garmendia 0-0: Ball
1-0: SINGLE (Groundball, 34D)
Alejandro Sánchez to second
Runner from 2nd tries for 3rd, SAFE, no throw
Batting: LHB José Pacheco 0-0: Ball
1-0: Ball
2-0: Fly out, F7 (Flyball, 7S)
Top of the 3rd over - 0 runs, 2 hits, 0 errors, 2 left on base; Atlantic City 0 - Little Caesars 0
BOTTOM OF THE 3RD
Little Caesars Hot N Readys batting - Pitching for Atlantic City Sonics : LHP José Cotilla
Batting: SHB Dan Hunt 0-0: Swinging Strike
0-1: Foul Ball, location: 2F
0-2: Ground out 6-3 (Groundball, 6)
Batting: LHB Elian Gonzalez 0-0: Ball
1-0: Ball
2-0: Ball
3-0: Base on Balls
Batting: LHB Gilberto Moreno 0-0: Ball
1-0: Ball
2-0: Foul Ball, location: 2F
2-1: Swinging Strike
2-2: Foul Ball, location: 2F
2-2: Hit by Pitch
Elian Gonzalez to second
Batting: LHB Pedro García 0-0: Ball
1-0: Fly out, F8 (Flyball, 78M)
Batting: RHB Martín Alejadre 0-0: Foul Ball, location: 2F
0-1: Ball
1-1: Ball
2-1: Foul Ball, location: 2F
2-2: Ball
3-2: Base on Balls
Elian Gonzalez to third
Gilberto Moreno to second
Batting: LHB Josh Platt 0-0: Called Strike
0-1: Ball
1-1: Ball
2-1: Foul Ball, location: 2F
2-2: Ball
3-2: Ground out 4-3 (Groundball, 34)
Bottom of the 3rd over - 0 runs, 0 hits, 0 errors, 3 left on base; Atlantic City 0 - Little Caesars 0
TOP OF THE 4TH
Atlantic City Sonics batting - Pitching for Little Caesars Hot N Readys : RHP Pat Hunt
Batting: RHB Eddie Sachs 0-0: Foul Ball, location: 2F
0-1: Ball
1-1: Ball
2-1: Reached on error, E1 (Groundball, 13)
Batting: LHB Kelvin Abbott 0-0: Foul Ball, location: 2F
0-1: SINGLE (Groundball, 2L) (infield hit)
Eddie Sachs to second
Batting: RHB Karl Blanke 0-0: Called Strike
0-1: Foul Ball, location: 2F
0-2: Foul Ball, location: 2F
0-2: Foul Ball, location: 2F
0-2: Strikes out swinging
Batting: RHB Jesús Guzmán 0-0: Called Strike
0-1: Called Strike
0-2: Strikes out swinging
Batting: RHB José Rodríguez 0-0: Ball
1-0: Ball
2-0: Called Strike
2-1: Foul Ball, location: 2F
2-2: Ball
3-2: Hit by Pitch
Eddie Sachs to third
Kelvin Abbott to second
Batting: RHB Alejandro Sánchez 0-0: Called Strike
0-1: SINGLE (Flyball, 7LM)
Eddie Sachs scores
Kelvin Abbott to third
José Rodríguez to second
Runner from 3rd tries for Home, SAFE, throw made home
Batting: RHB Thurman Blumer 0-0: Ball
1-0: Called Strike
1-1: Swinging Strike
1-2: Strikes out looking
Top of the 4th over - 2 runs, 2 hits, 1 error, 2 left on base; Atlantic City 2 - Little Caesars 0
BOTTOM OF THE 4TH
Little Caesars Hot N Readys batting - Pitching for Atlantic City Sonics : LHP José Cotilla
Batting: LHB Michael Cochran 0-0: Called Strike
0-1: Foul Ball, location: 2F
0-2: Strikes out looking
Batting: SHB Tony Gutiérrez 0-0: Ball
1-0: Called Strike
1-1: Foul Ball, location: 2F
1-2: Strikes out swinging
Batting: RHB Luis Aragón 0-0: Ball
1-0: Ball
2-0: Ball
3-0: Base on Balls
Batting: SHB Dan Hunt 0-0: Called Strike
Luis Aragón steals 2nd base
0-1: Called Strike
0-2: Foul Ball, location: 2F
0-2: Ball
1-2: Foul Ball, location: 2F
1-2: Ground out 5-3 (Groundball, 56S)
Bottom of the 4th over - 0 runs, 0 hits, 0 errors, 1 left on base; Atlantic City 2 - Little Caesars 0
TOP OF THE 5TH
Atlantic City Sonics batting - Pitching for Little Caesars Hot N Readys : RHP Pat Hunt
Batting: LHB Ramón Garmendia 0-0: Called Strike
0-1: Ball
1-1: SINGLE (Groundball, 3D)
Batting: LHB José Pacheco 0-0: Ball
1-0: Fly out, F6 (Line Drive, 4MD)
Batting: RHB Eddie Sachs 0-0: Called Strike
0-1: Fielders Choice at 2nd, 1-4 (Groundball, 15)
Batting: LHB Kelvin Abbott 0-0: Called Strike
0-1: Called Strike
0-2: Strikes out swinging
Top of the 5th over - 0 runs, 1 hit, 0 errors, 1 left on base; Atlantic City 2 - Little Caesars 0
BOTTOM OF THE 5TH
Little Caesars Hot N Readys batting - Pitching for Atlantic City Sonics : LHP José Cotilla
Batting: LHB Elian Gonzalez 0-0: Ground out 4-3 (Groundball, 4S)
Batting: LHB Gilberto Moreno 0-0: Called Strike
0-1: Foul Ball, location: 2F
0-2: Foul Ball, location: 2F
0-2: Ball
1-2: Strikes out swinging
Batting: LHB Pedro García 0-0: Ball
1-0: Ball
2-0: Ball
3-0: Called Strike
3-1: Foul Ball, location: 2F
3-2: Foul Ball, location: 2F
3-2: Foul Ball, location: 2F
3-2: Foul Ball, location: 2F
3-2: Base on Balls
Batting: RHB Martín Alejadre 0-0: Ball
Wild Pitch!
Pedro García to second
1-0: Ball
2-0: Called Strike
2-1: Ball
3-1: Called Strike
3-2: SINGLE (Flyball, 8RS)
Pedro García to third
Pedro García scores
Batting: LHB Josh Platt 0-0: Fly out, F9 (Flyball, 89S)
Bottom of the 5th over - 1 run, 1 hit, 0 errors, 1 left on base; Atlantic City 2 - Little Caesars 1
TOP OF THE 6TH
Atlantic City Sonics batting - Pitching for Little Caesars Hot N Readys : RHP Pat Hunt
Batting: RHB Karl Blanke 0-0: Fly out, F7 (Line Drive, 7)
Batting: RHB Jesús Guzmán 0-0: Called Strike
0-1: Foul Ball, location: 2F
0-2: Foul Ball, location: 2F
0-2: Ball
1-2: Foul Ball, location: 2F
1-2: Ball
2-2: DOUBLE (Line Drive, 9LM)
Pitching: LHP Iván Gonzáles
Batting: RHB José Rodríguez 0-0: Called Strike
0-1: Ball
1-1: Foul Ball, location: 2F
1-2: Ball
2-2: Strikes out swinging
Batting: RHB Alejandro Sánchez 0-0: Called Strike
0-1: SINGLE (Groundball, 6MD)
Jesús Guzmán to third
Runner from 3rd tries for Home, throw and OUT!
Top of the 6th over - 0 runs, 2 hits, 0 errors, 1 left on base; Atlantic City 2 - Little Caesars 1
BOTTOM OF THE 6TH
Little Caesars Hot N Readys batting - Pitching for Atlantic City Sonics : LHP José Cotilla
Batting: LHB Michael Cochran 0-0: Swinging Strike
0-1: Foul Ball, location: 2F
0-2: SINGLE (Line Drive, 34)
Batting: SHB Tony Gutiérrez 0-0: Ball
1-0: Bunted foul
1-1: Sac Bunt - play at first, batter OUT! 1-4
Michael Cochran to second
Batting: RHB Luis Aragón 0-0: Ball
1-0: Called Strike
1-1: Swinging Strike
1-2: Strikes out looking
Pitching: RHP Gabriel Chávez
Batting: SHB Dan Hunt 0-0: Ball
1-0: Ball
2-0: Ball
3-0: Called Strike
3-1: Ground out 4-3 (Groundball, 4)
Bottom of the 6th over - 0 runs, 1 hit, 0 errors, 1 left on base; Atlantic City 2 - Little Caesars 1
TOP OF THE 7TH
Atlantic City Sonics batting - Pitching for Little Caesars Hot N Readys : LHP Iván Gonzáles
Batting: RHB Thurman Blumer 0-0: Ball
1-0: Fly out, F7 (Flyball, 7S)
Batting: LHB Ramón Garmendia 0-0: Foul Ball, location: 2F
0-1: Ball
1-1: Swinging Strike
1-2: SINGLE (Groundball, 4D)
Pinch Hitting: RHB Dam Son 0-0: SINGLE (Line Drive, 89S)
Ramón Garmendia to second
Batting: RHB Eddie Sachs 0-0: Ball
1-0: Called Strike
1-1: Ground out 6-3 (Groundball, 6S)
Ramón Garmendia to third
Dam Son to second
Batting: LHB Kelvin Abbott 0-0: Ground out 3-1 (Groundball, 34)
Top of the 7th over - 0 runs, 2 hits, 0 errors, 2 left on base; Atlantic City 2 - Little Caesars 1
BOTTOM OF THE 7TH
Little Caesars Hot N Readys batting - Pitching for Atlantic City Sonics : RHP Gabriel Chávez
Now in LF: Damon Grinter
Batting: LHB Elian Gonzalez 0-0: Ground out U3 (Groundball, 34)
Batting: LHB Gilberto Moreno 0-0: Ball
1-0: Ball
2-0: Foul Ball, location: 2F
2-1: Ball
3-1: Base on Balls
Batting: LHB Pedro García 0-0: Called Strike
0-1: Foul Ball, location: 2F
0-2: Ball
1-2: Strikes out swinging
Batting: RHB Martín Alejadre 0-0: Ball
1-0: Ball
2-0: Ball
3-0: Called Strike
3-1: Swinging Strike
3-2: Base on Balls
Gilberto Moreno to second
Batting: LHB Josh Platt 0-0: Ball
Wild Pitch!
Gilberto Moreno to third
Martín Alejadre to second
1-0: Ball
2-0: Ball
3-0: Base on Balls
Batting: LHB Michael Cochran 0-0: Ball
1-0: Foul Ball, location: 2F
1-1: Called Strike
1-2: Ball
2-2: Foul Ball, location: 2F
2-2: Strikes out looking
Bottom of the 7th over - 0 runs, 0 hits, 0 errors, 3 left on base; Atlantic City 2 - Little Caesars 1
TOP OF THE 8TH
Atlantic City Sonics batting - Pitching for Little Caesars Hot N Readys : LHP Iván Gonzáles
Batting: RHB Karl Blanke 0-0: Foul Ball, location: 2F
0-1: Fly out, F7 (Flyball, 7S)
Batting: RHB Jesús Guzmán 0-0: Ball
1-0: Ball
2-0: Ball
3-0: Called Strike
3-1: Ground out 3-1 (Groundball, 34S)
Batting: RHB José Rodríguez 0-0: Ball
1-0: Swinging Strike
1-1: Ball
2-1: Ball
3-1: Swinging Strike
3-2: Base on Balls
Batting: RHB Alejandro Sánchez 0-0: Ball
1-0: Called Strike
1-1: Swinging Strike
1-2: Foul Ball, location: 2F
1-2: Strikes out swinging
Top of the 8th over - 0 runs, 0 hits, 0 errors, 1 left on base; Atlantic City 2 - Little Caesars 1
BOTTOM OF THE 8TH
Little Caesars Hot N Readys batting - Pitching for Atlantic City Sonics : RHP Gabriel Chávez
Batting: SHB Tony Gutiérrez 0-0: Called Strike
0-1: Foul Ball, location: 2F
0-2: Strikes out swinging
Batting: RHB Luis Aragón 0-0: Ball
1-0: Called Strike
1-1: Ground out 6-3 (Groundball, 6S)
Batting: SHB Dan Hunt 0-0: Ball
1-0: Foul Ball, location: 2F
1-1: Foul Ball, location: 2F
1-2: Ground out 4-3 (Groundball, 4)
Bottom of the 8th over - 0 runs, 0 hits, 0 errors, 0 left on base; Atlantic City 2 - Little Caesars 1
TOP OF THE 9TH
Atlantic City Sonics batting - Pitching for Little Caesars Hot N Readys : LHP Iván Gonzáles
Pitching: RHP Andrei-Luiz Frial
Batting: RHB Thurman Blumer 0-0: Ball
1-0: Foul Ball, location: 2F
1-1: Ground out 6-3 (Groundball, 6)
Batting: LHB Ramón Garmendia 0-0: Ball
1-0: Fly out, F8 (Flyball, 8RM)
Batting: RHB Damon Grinter 0-0: Called Strike
0-1: Ball
1-1: Ball
2-1: Ground out U3 (Groundball, 34)
Top of the 9th over - 0 runs, 0 hits, 0 errors, 0 left on base; Atlantic City 2 - Little Caesars 1
BOTTOM OF THE 9TH
Little Caesars Hot N Readys batting - Pitching for Atlantic City Sonics : RHP Gabriel Chávez
Pitching: LHP Todd Howell
Now in CF: José López
Pinch Hitting: RHB Mike Taylor 0-0: Ball
1-0: Ground out 4-3 (Groundball, 4)
Batting: LHB Gilberto Moreno 0-0: Ball
1-0: Ball
2-0: Ball
3-0: Called Strike
3-1: Called Strike
3-2: Fly out, F5 (Popup, 15S)
Pinch Hitting: RHB John Thompson 0-0: Called Strike
0-1: Ball
1-1: Ball
2-1: Ball
3-1: Foul Ball, location: 2F
3-2: Foul Ball, location: 2F
3-2: Foul Ball, location: 2F
3-2: Base on Balls
Pinch Runner at 1st Yin-reng Hsueh:
Batting: RHB Martín Alejadre 0-0: Ball
1-0: Called Strike
1-1: Swinging Strike
1-2: Foul Ball, location: 2F
1-2: Fly out, F6 (Line Drive, 56D)
Bottom of the 9th over - 0 runs, 0 hits, 0 errors, 1 left on base; Atlantic City 2 - Little Caesars 1
Tuesday, December 19th, 2017 - OOTP Baseball 18.8 Build 76